SAAA
SYRACUSE STARKS @ SANTA BARBARA GOLDEN CRANES
08/18/2038
 
TOP OF THE 1ST
Syracuse Starks batting - Pitching for Santa Barbara Golden Cranes : RHP Cipriano Pinto
Pitching: RHP Cipriano Pinto
Batting: RHB Randy Contreras 0-0: Ball
1-0: Fly out, F2 (Popup, 23F, EV 79.4 MPH)
Batting: LHB Gary Malone 0-0: Foul Ball, location: 2F
0-1: Foul Ball, location: 2F
0-2: Ball
1-2: Strikes out swinging
Batting: SHB Max Bortenschlager 0-0: Ground out 6-3 (Groundball, 6, EV 85.0 MPH)
Top of the 1st over - 0 runs, 0 hits, 0 errors, 0 left on base; Syracuse 0 - Santa Barbara 0
BOTTOM OF THE 1ST
Santa Barbara Golden Cranes batting - Pitching for Syracuse Starks : RHP Brian Walker
Pitching: RHP Brian Walker
Batting: RHB James Pike 0-0: Bunted foul
0-1: Ball
1-1: SOLO HOME RUN (Flyball, 9D, EV 107.5 MPH), Distance : 347 ft
Batting: RHB Mario van Heijbeeck 0-0: Foul Ball, location: 2F
0-1: SINGLE (Groundball, 6MD, EV 107.5 MPH)
Batting: LHB Chan-ho Shinn 0-0: Ball
1-0: Called Strike
1-1: 2-RUN HOME RUN (Flyball, 7D, EV 109.4 MPH), Distance : 373 ft
Batting: RHB Jody Clark 0-0: Called Strike
0-1: SINGLE (Groundball, 34D, EV 95.0 MPH)
Batting: LHB Xu Cheng 0-0: Called Strike
0-1: Ball
1-1: Called Strike
1-2: Ball
2-2: Ball
3-2: Foul Ball, location: 2F
3-2: Fly out, F9 (Line Drive, 9, EV 103.1 MPH)
Batting: RHB Freedon Akinmoladun 0-0: Foul Ball, location: 2F
0-1: Ball
Jody Clark steals 2nd base
1-1: Swinging Strike
1-2: Foul Ball, location: 2F
1-2: Foul Ball, location: 2F
1-2: Ball
Wild Pitch!
Jody Clark to third
2-2: Ball
3-2: Strikes out swinging
Batting: RHB Rocky Zolman 0-0: Ground out 4-3 (Groundball, 34, EV 82.5 MPH)
Bottom of the 1st over - 3 runs, 4 hits, 0 errors, 1 left on base; Syracuse 0 - Santa Barbara 3
TOP OF THE 2ND
Syracuse Starks batting - Pitching for Santa Barbara Golden Cranes : RHP Cipriano Pinto
Batting: RHB Enrique Rocha 0-0: Called Strike
0-1: Foul Ball, location: 2F
0-2: Foul Ball, location: 2F
0-2: Ball
1-2: Ball
2-2: Ground out 3-1 (Groundball, 34, EV 86.9 MPH)
Batting: LHB António Boccanegra 0-0: Ball
1-0: Ball
2-0: Hit by Pitch
Batting: RHB Akke Derksen 0-0: Ball
1-0: Called Strike
1-1: Ball
2-1: Ball
3-1: Swinging Strike
3-2: Grounds into double play, 5-4-3 (Groundball, 56, EV 79.4 MPH)
Top of the 2nd over - 0 runs, 0 hits, 0 errors, 0 left on base; Syracuse 0 - Santa Barbara 3
BOTTOM OF THE 2ND
Santa Barbara Golden Cranes batting - Pitching for Syracuse Starks : RHP Brian Walker
Batting: RHB Mike Strickland 0-0: Foul Ball, location: 2F
0-1: Foul Ball, location: 2F
0-2: Ball
1-2: Ball
2-2: Ball
3-2: Fly out, F3 (Popup, 34S, EV 78.8 MPH)
Batting: RHB Juan Ibarra 0-0: DOUBLE (Flyball, 8RXD, EV 100.6 MPH)
Batting: RHB James Pike 0-0: Swinging Strike
0-1: Ball
1-1: Swinging Strike
1-2: SINGLE (Groundball, 6D, EV 106.9 MPH)
Juan Ibarra to third
Runner from 3rd tries for Home, SAFE, no throw by LF
Batting: RHB Mario van Heijbeeck 0-0: Called Strike
0-1: Ball
1-1: Swinging Strike
1-2: Foul Ball, location: 2F
1-2: Strikes out swinging
Batting: LHB Chan-ho Shinn 0-0: Ball
1-0: Fly out, F4 (Popup, 4M, EV 74.4 MPH)
Bottom of the 2nd over - 1 run, 2 hits, 0 errors, 1 left on base; Syracuse 0 - Santa Barbara 4
TOP OF THE 3RD
Syracuse Starks batting - Pitching for Santa Barbara Golden Cranes : RHP Cipriano Pinto
Batting: RHB Thom Beach 0-0: Ball
1-0: SINGLE (Line Drive, 4D, EV 95.6 MPH)
Batting: RHB Enrico Sánchez 0-0: Ball
1-0: Fly out, F7 (Flyball, 78S, EV 75.0 MPH)
Batting: RHB Lu Tsai 0-0: Ball
1-0: Fly out, F7 (Flyball, 7LS, EV 77.5 MPH)
Batting: RHB Randy Contreras 0-0: Ball
1-0: Foul Ball, location: 2F
1-1: Fly out, F3 (Popup, 3, EV 75.0 MPH)
Top of the 3rd over - 0 runs, 1 hit, 0 errors, 1 left on base; Syracuse 0 - Santa Barbara 4
BOTTOM OF THE 3RD
Santa Barbara Golden Cranes batting - Pitching for Syracuse Starks : RHP Brian Walker
Batting: RHB Jody Clark 0-0: Called Strike
0-1: Ball
1-1: Ball
2-1: Fly out, F8 (Flyball, 8LXD, EV 103.1 MPH)
Batting: LHB Xu Cheng 0-0: Ball
1-0: Swinging Strike
1-1: Fly out, F8 (Flyball, 89D, EV 105.0 MPH)
Batting: RHB Freedon Akinmoladun 0-0: Called Strike
0-1: Ball
1-1: Ball
2-1: Ball
3-1: Fly out, F3 (Popup, 3F, EV 78.8 MPH)
Bottom of the 3rd over - 0 runs, 0 hits, 0 errors, 0 left on base; Syracuse 0 - Santa Barbara 4
TOP OF THE 4TH
Syracuse Starks batting - Pitching for Santa Barbara Golden Cranes : RHP Cipriano Pinto
Batting: LHB Gary Malone 0-0: Called Strike
0-1: Ball
1-1: Ball
2-1: Ball
3-1: Foul Ball, location: 2F
3-2: Foul Ball, location: 2F
3-2: Base on Balls
Batting: SHB Max Bortenschlager 0-0: Called Strike
0-1: 2-RUN HOME RUN (Flyball, 7D, EV 98.1 MPH), Distance : 379 ft
Batting: RHB Enrique Rocha 0-0: Ball
1-0: SINGLE (Groundball, 5D, EV 108.1 MPH)
Batting: LHB António Boccanegra 0-0: Called Strike
0-1: Swinging Strike
0-2: SINGLE (Groundball, 4MD, EV 95.6 MPH)
Enrique Rocha to second
Runner from 2nd tries for 3rd, SAFE, no throw by CF
Batting: RHB Akke Derksen 0-0: Ball
1-0: Ball
2-0: Ball
3-0: Swinging Strike
3-1: Swinging Strike
3-2: Fly out, F8 (Flyball, 89D, EV 100.6 MPH)
Runner from 3rd tags up, SCORES, throw by CF
Batting: RHB Thom Beach 0-0: Ball
1-0: Called Strike
1-1: Fielders Choice at 2nd, 6-4 (Groundball, 6, EV 86.9 MPH)
Batting: RHB Enrico Sánchez 0-0: Ball
1-0: Called Strike
1-1: Fly out, F8 (Flyball, 89D, EV 100.6 MPH)
Top of the 4th over - 3 runs, 3 hits, 0 errors, 1 left on base; Syracuse 3 - Santa Barbara 4
BOTTOM OF THE 4TH
Santa Barbara Golden Cranes batting - Pitching for Syracuse Starks : RHP Brian Walker
Batting: RHB Rocky Zolman 0-0: Foul Ball, location: 2F
0-1: Ball
1-1: Ball
2-1: Ground out 6-3 (Groundball, 6, EV 108.8 MPH)
Batting: RHB Mike Strickland 0-0: Ball
1-0: Called Strike
1-1: Swinging Strike
1-2: Strikes out swinging
Batting: RHB Juan Ibarra 0-0: Ball
1-0: Ground out 5-3 (Groundball, 56, EV 107.5 MPH)
Bottom of the 4th over - 0 runs, 0 hits, 0 errors, 0 left on base; Syracuse 3 - Santa Barbara 4
TOP OF THE 5TH
Syracuse Starks batting - Pitching for Santa Barbara Golden Cranes : RHP Cipriano Pinto
Batting: RHB Lu Tsai 0-0: Ball
1-0: Foul Ball, location: 2F
1-1: SINGLE (Groundball, 4MD, EV 97.5 MPH)
Batting: RHB Randy Contreras 0-0: Called Strike
0-1: Swinging Strike
0-2: Fielders Choice at 2nd, 5-4 (Groundball, 56, EV 87.5 MPH)
Batting: LHB Gary Malone 0-0: Ball
1-0: Ball
2-0: Ball
3-0: Base on Balls
Randy Contreras to second
Batting: SHB Max Bortenschlager 0-0: Swinging Strike
0-1: DOUBLE (Line Drive, 5D, EV 97.5 MPH)
Randy Contreras scores
Gary Malone to third
Batting: RHB Enrique Rocha 0-0: Called Strike
0-1: Ball
1-1: Foul Ball, location: 2F
1-2: Ball
2-2: SINGLE (Line Drive, 5D, EV 97.5 MPH)
Gary Malone scores
Max Bortenschlager to third
Runner from 3rd tries for Home, SAFE, no throw by LF
Pitching: LHP George Eisenhauer
Batting: LHB António Boccanegra 0-0: Ball
1-0: Swinging Strike
1-1: Foul Ball, location: 2F
1-2: Strikes out looking
Batting: RHB Akke Derksen 0-0: Swinging Strike
0-1: Ball
1-1: Ball
2-1: Called Strike
2-2: Strikes out swinging
Top of the 5th over - 3 runs, 3 hits, 0 errors, 1 left on base; Syracuse 6 - Santa Barbara 4
BOTTOM OF THE 5TH
Santa Barbara Golden Cranes batting - Pitching for Syracuse Starks : RHP Brian Walker
Batting: RHB James Pike 0-0: Called Strike
0-1: Foul Ball, location: 2F
0-2: Ball
1-2: Fly out, F8 (Flyball, 8RD, EV 88.8 MPH)
Batting: RHB Mario van Heijbeeck 0-0: Ground out 6-3 (Groundball, 6, EV 106.2 MPH)
Batting: LHB Chan-ho Shinn 0-0: Called Strike
0-1: Ball
1-1: Swinging Strike
1-2: DOUBLE (Flyball, 8RXD, EV 101.9 MPH)
Batting: RHB Jody Clark 0-0: Ground out 5-3 (Groundball, 56, EV 105.0 MPH)
Bottom of the 5th over - 0 runs, 1 hit, 0 errors, 1 left on base; Syracuse 6 - Santa Barbara 4
TOP OF THE 6TH
Syracuse Starks batting - Pitching for Santa Barbara Golden Cranes : LHP George Eisenhauer
Batting: RHB Thom Beach 0-0: Ground out 5-3 (Groundball, 5, EV 106.2 MPH)
Batting: RHB Enrico Sánchez 0-0: Foul Ball, location: 2F
0-1: Fly out, F2 (Popup, 2RF, EV 86.2 MPH)
Pitching: LHP Giuseppe Farina
Batting: RHB Lu Tsai 0-0: Reached on error, E5 (Groundball, 56S, EV 88.8 MPH)
Batting: RHB Randy Contreras 0-0: Called Strike
0-1: Ball
1-1: Foul Ball, location: 2F
1-2: Fielders Choice at 2nd, 6-4 (Groundball, 6, EV 106.2 MPH)
Top of the 6th over - 0 runs, 0 hits, 1 error, 1 left on base; Syracuse 6 - Santa Barbara 4
BOTTOM OF THE 6TH
Santa Barbara Golden Cranes batting - Pitching for Syracuse Starks : RHP Brian Walker
Batting: LHB Xu Cheng 0-0: Called Strike
0-1: Ball
1-1: Foul Ball, location: 2F
1-2: Ball
2-2: SINGLE (Groundball, 4MD, EV 93.8 MPH)
Batting: RHB Freedon Akinmoladun 0-0: Foul Ball, location: 2F
0-1: Fly out, F7 (Flyball, 7S, EV 92.5 MPH)
Batting: RHB Rocky Zolman 0-0: Ball
1-0: Called Strike
1-1: Ball
2-1: Fielders Choice at 2nd, 6-4 (Groundball, 56, EV 106.2 MPH)
Batting: RHB Mike Strickland 0-0: Called Strike
0-1: Foul Ball, location: 2F
0-2: Ground out 4-3 (Groundball, 4, EV 102.5 MPH)
Bottom of the 6th over - 0 runs, 1 hit, 0 errors, 1 left on base; Syracuse 6 - Santa Barbara 4
TOP OF THE 7TH
Syracuse Starks batting - Pitching for Santa Barbara Golden Cranes : LHP Giuseppe Farina
Batting: LHB Gary Malone 0-0: Called Strike
0-1: Ball
1-1: Foul Ball, location: 2F
1-2: Strikes out swinging
Batting: SHB Max Bortenschlager 0-0: Called Strike
0-1: Foul Ball, location: 2F
0-2: Ball
1-2: Fly out, F8 (Flyball, 89S, EV 90.6 MPH)
Batting: RHB Enrique Rocha 0-0: Swinging Strike
0-1: Ball
1-1: Foul Ball, location: 2F
1-2: Fly out, F8 (Line Drive, 8RM, EV 88.1 MPH)
Top of the 7th over - 0 runs, 0 hits, 0 errors, 0 left on base; Syracuse 6 - Santa Barbara 4
BOTTOM OF THE 7TH
Santa Barbara Golden Cranes batting - Pitching for Syracuse Starks : RHP Brian Walker
Batting: RHB Juan Ibarra 0-0: Foul Ball, location: 2F
0-1: Ground out 6-3 (Groundball, 6, EV 88.1 MPH)
Batting: RHB James Pike 0-0: Called Strike
0-1: Foul Ball, location: 2F
0-2: Ball
1-2: Ball
2-2: Ball
3-2: Ground out 4-3 (Groundball, 4, EV 83.1 MPH)
Batting: RHB Mario van Heijbeeck 0-0: Ball
1-0: Ball
2-0: Called Strike
2-1: Called Strike
2-2: Ground out 4-3 (Groundball, 4, EV 91.2 MPH)
Bottom of the 7th over - 0 runs, 0 hits, 0 errors, 0 left on base; Syracuse 6 - Santa Barbara 4
TOP OF THE 8TH
Syracuse Starks batting - Pitching for Santa Barbara Golden Cranes : LHP Giuseppe Farina
Batting: LHB António Boccanegra 0-0: Foul Ball, location: 2F
0-1: Foul Ball, location: 2F
0-2: Ball
1-2: SINGLE (Flyball, 78M, EV 95.6 MPH) - OUT at second base trying to stretch hit.
Batting: RHB Akke Derksen 0-0: Called Strike
0-1: Foul Ball, location: 2F
0-2: Strikes out swinging
Batting: RHB Thom Beach 0-0: Fly out, F7 (Line Drive, 7, EV 93.1 MPH)
Top of the 8th over - 0 runs, 1 hit, 0 errors, 0 left on base; Syracuse 6 - Santa Barbara 4
BOTTOM OF THE 8TH
Santa Barbara Golden Cranes batting - Pitching for Syracuse Starks : RHP Brian Walker
Pitching: RHP Garrett Harrington
Batting: LHB Chan-ho Shinn 0-0: Foul Ball, location: 2F
0-1: Ball
1-1: Fly out, F9 (Flyball, 9S, EV 90.0 MPH)
Batting: RHB Jody Clark 0-0: Foul Ball, location: 2F
0-1: Ball
1-1: Ground out 5-3 (Groundball, 56S, EV 86.9 MPH)
Batting: LHB Xu Cheng 0-0: Ball
1-0: Ball
2-0: SINGLE (Groundball, 4D, EV 101.9 MPH)
Batting: RHB Freedon Akinmoladun 0-0: Ball
1-0: Foul Ball, location: 2F
1-1: Ball
2-1: Swinging Strike
2-2: Fly out, F9 (Line Drive, 9D, EV 88.1 MPH)
Bottom of the 8th over - 0 runs, 1 hit, 0 errors, 1 left on base; Syracuse 6 - Santa Barbara 4
TOP OF THE 9TH
Syracuse Starks batting - Pitching for Santa Barbara Golden Cranes : LHP Giuseppe Farina
Batting: RHB Enrico Sánchez 0-0: Called Strike
0-1: Called Strike
0-2: SINGLE (Flyball, 7LS, EV 89.4 MPH)
Batting: RHB Lu Tsai 0-0: Called Strike
0-1: Called Strike
0-2: Foul Ball, location: 2F
0-2: Foul Ball, location: 2F
0-2: Foul Ball, location: 2F
0-2: Ball
1-2: Foul Ball, location: 2F
1-2: Ball
2-2: Ball
3-2: SINGLE (Groundball, 34D, EV 101.2 MPH)
Enrico Sánchez to second
Runner from 2nd tries for 3rd, SAFE, no throw by RF
Pitching: RHP Adam Garrison
Batting: RHB Randy Contreras 0-0: Ball
1-0: Fielders Choice at 2nd, 5-4 (Groundball, 56, EV 83.8 MPH)
Enrico Sánchez scores
Batting: LHB Gary Malone 0-0: Called Strike
0-1: Ball
1-1: Foul Ball, location: 2F
1-2: Ball
2-2: Ball
3-2: Foul Ball, location: 2F
3-2: Grounds into double play, 1-6-3 (Groundball, P, EV 83.1 MPH)
Top of the 9th over - 1 run, 2 hits, 0 errors, 0 left on base; Syracuse 7 - Santa Barbara 4
BOTTOM OF THE 9TH
Santa Barbara Golden Cranes batting - Pitching for Syracuse Starks : RHP Garrett Harrington
Pitching: RHP Greyfriars Bobby
Batting: RHB Rocky Zolman 0-0: Ball
1-0: Ball
2-0: Ball
3-0: Base on Balls
Batting: RHB Mike Strickland 0-0: Ball
1-0: Ball
2-0: Ball
3-0: Base on Balls
Rocky Zolman to second
Pinch Hitting: LHB Victor Adams 0-0: Ball
1-0: Swinging Strike
1-1: Foul Ball, location: 2F
1-2: Fly out, F9 (Flyball, 89S, EV 79.4 MPH)
Batting: RHB James Pike 0-0: Foul Ball, location: 2F
0-1: Ball
1-1: Ball
2-1: SINGLE (Flyball, 8LS, EV 88.1 MPH)
Rocky Zolman to third
Mike Strickland to second
Batting: RHB Mario van Heijbeeck 0-0: Foul Ball, location: 2F
0-1: Ball
1-1: Ball
2-1: Called Strike
2-2: Ball
3-2: Base on Balls
Rocky Zolman scores
Mike Strickland to third
James Pike to second
Batting: LHB Chan-ho Shinn 0-0: Ball
1-0: Grounds into double play, 5-4-3 (Groundball, 56, EV 105.6 MPH)
Bottom of the 9th over - 1 run, 1 hit, 0 errors, 2 left on base; Syracuse 7 - Santa Barbara 5
Friday, April 17th, 2020 - OOTP Baseball 20.8 Build 74